AoeStats
← Eenoon

Nomad

510710234Analyzed
4v4 RM · 6h ago on Oct 2, 2026· 70m 42s· 8 players
Game mode
Random Map
Map size
231×231
Population
200
Speed
Normal
Resources
Standard
Victory
Conquest
Starting age
Dark Age
Ending age
Imperial Age
RankedLock teamsTeams togetherTeam positionsShared explorationLock speedFull tech treeHidden civsTurbo modeCheats
Victory
Defeat
🇧🇷 Varangians · Brazil
1133
+13
🇫🇷 Japanese · France
1107
+14
🇪🇸 Huns · Spain
1103
+14
🇨🇳 Italians · China
930
+21
🇬🇧 Spanish · United Kingdom
1102
-17
🇹🇼 Mongols · Taiwan
1092
-17
🇺🇸 Koreans · United States
1037
-15
🇳🇱 Danes · Netherlands
999
-13
TocTheYoungr
6:30 Loom
18:32 Feudal Age
19:11 Double-Bit Axe
19:18 Fishing Lines
21:26 Fletching
25:09 Castle Age
26:35 Bodkin Arrow
26:36 Gillnets
26:17 Pikeman
27:06 Crossbowman
29:55 Scale Mail Armor
30:07 Forging
32:03 Treadmill Crane
33:41 Bow Saw
36:47 Wheelbarrow
40:24 Imperial Age
39:28 Stone Mining
39:35 Gold Mining
41:22 Ballistics
51:59 Eupseong
64:19 Chain Mail Armor
65:18 Iron Casting
64:23 Elite Skirmisher
66:52 Thumb Ring
MrSniffers
12:37 Loom
15:21 Feudal Age
16:33 Double-Bit Axe
24:31 Castle Age
24:55 Stone Mining
25:22 Fletching
26:50 Bodkin Arrow
27:36 Wheelbarrow
27:09 Thumb Ring
27:50 Medium Warships
28:46 Fishing Lines
34:14 Padded Archer Armor
34:49 Horse Collar
36:06 Heavy Plow
36:16 Bow Saw
36:56 Arson
38:01 Gold Mining
41:35 Imperial Age
39:46 Ballistics
39:47 Leather Archer Armor
40:14 Gold Shaft Mining
43:32 Hamask
44:33 Conscription
43:36 Pikeman
44:17 Squires
45:24 Conscription
45:06 Scale Mail Armor
45:26 Bracer
45:00 Elite Varangian Guard
46:25 Husbandry
46:36 Bloodlines
47:28 Chain Mail Armor
47:00 Gambesons
48:41 Plate Mail Armor
49:54 Forging
51:39 Iron Casting
51:14 Heavy Mounted Crossbowman
54:53 Ring Archer Armor
55:24 Blast Furnace
egemenbeder
13:59 Feudal Age
17:33 Castle Age
16:58 Double-Bit Axe
19:04 Loom
19:55 Wheelbarrow
19:33 Bow Saw
22:10 Fletching
22:20 Padded Archer Armor
32:45 Imperial Age
31:41 Leather Archer Armor
32:23 Bodkin Arrow
32:34 Gold Mining
35:08 Ring Archer Armor
35:12 Conscription
37:21 Stone Mining
37:17 Horse Collar
37:51 Husbandry
38:01 Bloodlines
40:03 Cavalier
40:50 Scale Barding Armor
40:55 Forging
40:58 Bracer
40:57 Elite Conquistador
42:35 Hand Cart
41:49 Elite Skirmisher
42:51 Thumb Ring
44:11 Chemistry
43:31 Ballistics
44:13 Chain Barding Armor
44:29 Iron Casting
47:16 Plate Barding Armor
47:54 Blast Furnace
52:57 Murder Holes
61:03 Hand Cart
61:51 Two-Man Saw
64:46 Town Watch
OAO
4:11 Loom
15:30 Feudal Age
20:12 Castle Age
19:00 Fletching
20:12 Double-Bit Axe
21:46 Scale Barding Armor
24:30 Husbandry
32:40 Padded Archer Armor
55:51 Bow Saw
71:31 Imperial Age
Lone Wolf
7:23 Loom
14:33 Feudal Age
15:22 Double-Bit Axe
20:33 Castle Age
20:29 Fishing Lines
21:08 Horse Collar
21:40 Bow Saw
22:21 Heavy Plow
23:53 Wheelbarrow
23:04 Town Watch
24:46 Scale Barding Armor
24:52 Forging
25:10 Gillnets
26:12 Bloodlines
26:50 Gold Mining
26:51 Stone Mining
34:33 Imperial Age
32:29 Fletching
32:40 Padded Archer Armor
33:03 Chain Barding Armor
32:57 Elite Skirmisher
33:43 Thumb Ring
33:35 Bodkin Arrow
34:10 Marauders
35:17 Ballistics
35:15 Leather Archer Armor
35:36 Iron Casting
35:07 Husbandry
34:27 Light Cavalry
36:49 Hand Cart
36:56 Bracer
38:26 Chemistry
38:16 Heavy Cavalry Archer
40:18 Conscription
41:17 Parthian Tactics
41:30 Plate Barding Armor
41:56 Blast Furnace
44:41 Hussar
46:20 Town Patrol
47:21 Masonry
47:07 Murder Holes
49:06 Elite Tarkan
Eenoon
3:56 Loom
16:16 Feudal Age
16:44 Fishing Lines
17:04 Double-Bit Axe
19:21 Wheelbarrow
21:39 Castle Age
22:41 Gillnets
24:34 Hand Cart
24:33 Bow Saw
24:18 Gold Mining
27:26 Forging
27:08 Fletching
28:58 Gold Shaft Mining
29:26 Murder Holes
29:12 Treadmill Crane
29:45 Fortified Wall
33:21 Imperial Age
36:51 Medium Warships
38:47 Heavy Warships
43:27 Elite Samurai
44:31 Conscription
43:32 Elite Samurai
51:57 Kataparuto
54:30 Padded Archer Armor
54:33 Scale Mail Armor
55:51 Chain Mail Armor
56:12 Iron Casting
57:24 Plate Mail Armor
58:38 Arson
58:55 Squires
59:17 Horse Collar
62:09 Blast Furnace
62:57 Stone Mining
63:11 Town Watch
63:41 Bodkin Arrow
63:46 Padded Archer Armor
64:50 Bracer
69:03 Heavy Plow
Onizuka
5:15 Loom
12:43 Feudal Age
14:02 Double-Bit Axe
17:50 Fletching
21:00 Castle Age
19:46 Gold Mining
20:06 Fishing Lines
22:05 Medium Warships
22:53 Bodkin Arrow
24:40 Husbandry
25:52 Bow Saw
28:12 Forging
30:22 Bloodlines
495556203
3:48 Loom
16:18 Feudal Age
17:36 Wheelbarrow
16:45 Horse Collar
17:28 Town Watch
17:31 Double-Bit Axe
17:26 Man-at-Arms
21:16 Forging
21:07 Scale Mail Armor
22:56 Gold Mining
25:51 Castle Age
27:36 Hand Cart
29:48 Fletching
31:50 Heavy Plow
32:23 Squires
34:11 Padded Archer Armor
40:13 Imperial Age
39:37 Leather Archer Armor
39:17 Bodkin Arrow
41:22 Ballistics
42:03 Chemistry
45:04 Leather Archer Armor
44:44 Bodkin Arrow
45:46 Town Patrol
46:21 Ring Archer Armor
46:27 Iron Casting
45:18 Light Cavalry
47:41 Bloodlines
47:34 Husbandry
48:31 Scale Barding Armor
48:42 Chain Mail Armor
53:08 Bracer
54:09 Blast Furnace
53:30 Chain Barding Armor
53:56 Hussar
59:46 Chain Barding Armor
61:05 Plate Barding Armor
62:26 Blast Furnace
62:14 Plate Mail Armor
63:30 Murder Holes
Connection lost

Rejoining the realm…

Still unreachable

The connection could not be restored.

Session expired

The server has moved on; the page needs a fresh start.